 Dungeon Crawl Stone Soup version 0.30.0-29-ga12c61a403 (webtiles) character file.

Game seed: 15965706797457315546

21 safid the Chiller (level 2, 0/21 HPs)
             Began as a Merfolk Ice Elementalist on June 20, 2023.
             Slain by a worm (5 damage)
             ... on level 1 of the Dungeon.
             The game lasted 00:02:00 (672 turns).

safid the Chiller (Merfolk Ice Elementalist)         Turns: 672, Time: 00:02:01

Health: 0/21       AC:  2    Str:  8    XL:     2   Next: 83%
Magic:  0/5        EV: 12    Int: 14    God:
Gold:   59         SH:  0    Dex: 14    Spells: 4/5 levels left

rFire   . . .        h - +0 whip
rCold   . . .        (no shield)
rNeg    . . .        a - +0 robe
rPois   .            (no helmet)
rElec   .            (no cloak)
rCorr   .            (no gloves)
SInv    .            (no boots)
Will    .....        (no amulet)
Stlth   ++           (no ring)
HPRegen 0.23/turn    (no ring)
MPRegen 0.09/turn

%: no passive effects
@: no status effects
A: (nimble swimmer 2), mertail
a: no special abilities


You were on level 1 of the Dungeon.
You visited 1 branch of the dungeon, and saw 1 of its levels.

You collected 59 gold pieces.

Inventory:

Hand Weapons
 h - a +0 whip (weapon)
Armour
 a - a +0 robe (worn)
Scrolls
 c - 2 scrolls of silence {unknown}
 g - a scroll of teleportation {unknown}
Potions
 b - a potion of magic
 d - 2 potions of degeneration {unknown}
 e - a potion of haste {unknown}
 f - a potion of might {unknown}
 i - a potion of ambrosia {unknown}


   Skills:
 + Level 1.3 Fighting
 - Level 2.6 Dodging
 - Level 2.1 Stealth
 + Level 2.3 Spellcasting
 + Level 4.7 Ice Magic


You had 4 spell levels left.
You knew the following spells:

 Your Spells              Type           Power      Damage    Failure   Level
a - Freeze                Ice            56%        1d7       3%          1

Your spell library contained the following spells:

 Spells                   Type           Power      Damage    Failure   Level
 Frozen Ramparts          Ice            28%        1d5       10%         3
 Ozocubu's Armour         Ice            14%        N/A       10%         3
 Sandblast                Erth           2%         2d4       22%         1
 Summon Small Mammal      Summ           4%         N/A       22%         1
 Passwall                 Tmut/Erth      0%         N/A       34%         2
 Stone Arrow              Conj/Erth      2%         3d7       56%         3
 Summon Ice Beast         Ice/Summ       8%         N/A       65%         4
 Monstrous Menagerie      Summ           0%         N/A       100%        7
 Summon Horrible Things   Summ           0%         N/A       100%        8


Dungeon Overview and Level Annotations

Branches:
Dungeon (1/15)

Altars:


Innate Abilities, Weirdness & Mutations

((You are very nimble when in or above water. (Stealth+, EV+, Speed+++)))
Your lower body shifts to a powerful aquatic tail in water.


Message History

Press: ? - help, Shift-Dir - straight line, f - worm
Aim: a worm You freeze the worm.
The worm is lightly wounded.
Unknown command.
Casting: Freeze (safe; 3% risk of failure)
Confirm with . or Enter, or press ? or * to list all spells.
Aiming: Freeze (safe; 3% risk of failure)
Press: ? - help, Shift-Dir - straight line, f/p - worm
Aim: a worm (lightly wounded)
You freeze the worm.
The worm is lightly wounded.
The worm bites you!
Ouch! That really hurt!
Casting: Freeze (safe; 3% risk of failure)
Confirm with . or Enter, or press ? or * to list all spells.
Aiming: Freeze (safe; 3% risk of failure)
Press: ? - help, Shift-Dir - straight line, f/p - worm
Aim: a worm (lightly wounded)
You freeze the worm.
The worm is lightly wounded.
The worm bites you.
* * * LOW HITPOINT WARNING * * *
Casting: Freeze (safe; 3% risk of failure)
Confirm with . or Enter, or press ? or * to list all spells.
Aiming: Freeze (safe; 3% risk of failure)
Press: ? - help, Shift-Dir - straight line, f/p - worm
Aim: a worm (lightly wounded)
You freeze the worm!
The worm is heavily wounded.
Unknown command.
Casting: Freeze (safe; 3% risk of failure)
Confirm with . or Enter, or press ? or * to list all spells.
Aiming: Freeze (safe; 3% risk of failure)
Press: ? - help, Shift-Dir - straight line, f/p - worm
Aim: a worm (heavily wounded)
You freeze the worm.
The worm is severely wounded.
The worm bites you.
You die...

#.............#####....#.######
#.#########...# ##.....##...# #.#
##.#######^#.#.##...# #.# #.# #..
#8..#8##...# #.# #.# #.#
#######..... #.#
#####.###.#####......... #.#
#..................w.... #.#
##.#####...##.####.##...#
###.#####...####@###...###.##...#
........#...#...w..........#####.
#.....###...##...##.....##.# #...
........#...#....##.....##.##.^†.
#.....###...###...†........#.....
#.....# #...# ##.##..[..##.......
###.### #...# #.##.....###....>.
....# #...# #.####.####...^...
##### #...####.####.# #.##.....


You could see a worm.

Vanquished Creatures
  A gnoll (D:1)
  2 ball pythons (D:1)
  An endoplasm (D:1)
  A goblin (D:1)
  2 hobgoblins (D:1)
  A bat (D:1)
  A frilled lizard (D:1)
  A kobold (D:1)
  2 rats (D:1)
12 creatures vanquished.

Notes
Turn   | Place    | Note
-------+----------+-------------------------------------------
     0 | D:1      | safid the Merfolk Ice Elementalist began the quest for the
                  | Orb.
     0 | D:1      | Reached XP level 1. HP: 13/13 MP: 3/3
   232 | D:1      | Got the Folio of the Assembled Deep Freeze
   281 | D:1      | Reached XP level 2. HP: 20/20 MP: 5/5
   399 | D:1      | Reached skill level 1 in Fighting
   608 | D:1      | Found a faded altar of an unknown god.
   672 | D:1      | Slain by a worm

Illustrated notes

Levels and vault maps discovered:
D:1:      psy_arrival_spokes, layout_loops_ring,
          shapermc_ecumenical_altar_mp_highgroup, nicolae_wormholes

Skill      XL: |  1  2 |
---------------+-------+-----
Fighting       | 1 |  1.3
Dodging        | |  2.6
Stealth        | |  2.1
Spellcasting   | |  2.3
Ice Magic      | |  4.7

Action                     || total
---------------------------++-------
  Melee: Unarmed           ||     7
         Staff             ||     3
         Whip              ||     3
         Punch             ||     1
   Cast: Freeze            ||    20
 Armour: Robe              ||     2
  Dodge: Dodged            ||    13
